 Dungeon Crawl Stone Soup version 0.19-a0-1712-gff403d4 (webtiles) character file.

543 Naow the Cleaver (level 7, -2/61 HPs)
             Began as a Deep Dwarf Fighter on Sept 28, 2016.
             Splashed by Pikel's acid (12 damage)
             ... on level 4 of the Dungeon.
             The game lasted 00:13:41 (2355 turns).

Naow the Cleaver (Deep Dwarf Fighter)               Turns: 2355, Time: 00:13:42

Health: -2/61      AC:  5    Str: 21    XL:     7   Next: 6%
Magic:  8/8        EV:  9    Int:  9    God:
Gold:   172        SH:  7    Dex: 12    Spells: 0 memorised, 6 levels left

rFire  . . .     SeeInvis .     a - +0 war axe
rCold  + . .     Gourm    .     b - +0 scale mail
rNeg   . . .     Faith    .     u - +3 buckler
rPois  .         Spirit   .     (no helmet)
rElec  .         Dismiss  .     (no cloak)
rCorr  .         Reflect  .     t - +0 pair of gloves
MR     +....     Harm     .     (no boots)
Stlth  ..........               (no amulet)
                                (no ring)
                                n - ring of protection from cold

@: corroded, non-regenerating
A: damage resistance, recharge devices, sense surroundings 1, slow regeneration
3
a: Device Recharging


You were on level 4 of the Dungeon.
You were not hungry.

You visited 1 branch of the dungeon, and saw 4 of its levels.

You collected 172 gold pieces.

Inventory:

Hand Weapons
 a - a +0 war axe (weapon)
Armour
 b - a +0 scale mail (worn)
 c - a +0 shield
 t - a +0 pair of gloves (worn)
 u - a +3 buckler (worn)
Jewellery
 n - a ring of protection from cold (left hand)
Wands
 e - a wand of heal wounds (1/9)
Scrolls
 m - a scroll of teleportation
 o - 4 scrolls of identify
 v - a scroll of remove curse
Potions
 h - a potion of haste {unknown}
 i - 2 potions of lignification
 j - a potion of heal wounds {unknown}
 k - a potion of brilliance {unknown}
 s - a potion of degeneration {unknown}
 B - a potion of mutation {unknown}
Comestibles
 d - 9 chunks of flesh
 f - 3 bread rations
 g - 2 fruits
 l - a slice of pizza


   Skills:
 - Level 2.7 Fighting
 + Level 8.2 Axes
 - Level 3.4 Armour
 - Level 3.3 Shields
 * Level 1.5 Evocations


You had 6 spell levels left.
You didn't know any spells.

Dungeon Overview and Level Annotations

Branches:
Dungeon (4/15)
 Temple: D:4-7

Altars:
Fedhas
Gozag
Kikubaaqudgha
Sif Muna

Annotations:
D:4 Pikel


Innate Abilities, Weirdness & Mutations

You are resistant to damage.
You can recharge devices by infusing magical energy.
You passively map a small area around you.
You do not regenerate.


Message History

Found an escape hatch in the floor.
Zapping:
e - a wand of heal wounds (2/9)
Press: ? - help, Shift-Dir - straight line, f - you You feel much better.
This wand has 1 charge left.
Pikel hits you with a whip of freezing. Pikel freezes you.
Some of the chunks of flesh in your inventory have rotted away.
You hit Pikel.
Pikel is lightly wounded.
Pikel says, "Slavery isn't that bad."
Pikel hits you with a whip of freezing!
You closely miss Pikel.
Pikel is lightly wounded.
Pikel zaps a wand.
The bolt of acid hits you! The acid corrodes you!
You are splashed with acid!
The acid burns!
It is a wand of acid.
You barely miss Pikel.
Pikel is lightly wounded.
Pikel zaps a wand.
The bolt of acid hits you!
* * * LOW HITPOINT WARNING * * *
You are splashed with acid!
The acid burns!
You die...

(...........>......#.
#.##..........#.#....#
,
#.##########..#.#..#..
.(# #..#.#..# ###
#..#.#..#, , ## ,
###..#.#..# ** ..+
+.........<# , ###,
####.#####.######* , ,
, ......K@........# ,
###p#####.#####.# ,, ,
, , , >..., * * *,* *
.####, ,,, ,.. , * ,,
* #. * * , ** #. ,* ,
, * * ,*


You could see Pikel and a slave.

Vanquished Creatures
  An orc warrior (D:3)
  A phantom (D:4)
  2 howler monkeys (D:4)
  3 orc priests
  2 worker ants (D:4)
  3 adders
  2 oozes
  A worm (D:3)
  5 dart slugs
  16 orcs
  3 giant cockroaches
  10 goblins
  7 hobgoblins
  3 jackals (D:1)
  2 ball pythons
  10 bats
  3 frilled lizards
  A jackal skeleton (D:4)
  6 kobolds
  7 rats
88 creatures vanquished.

Notes
Turn   | Place    | Note
-------+----------+-------------------------------------------
     0 | D:1      | Naow the Deep Dwarf Fighter began the quest for the Orb.
     0 | D:1      | Reached XP level 1. HP: 20/20 MP: 1/1
   139 | D:1      | Reached XP level 2. HP: 21/27 MP: 2/2
   306 | D:1      | Reached skill level 3 in Axes
   401 | D:1      | Reached XP level 3. HP: 25/33 MP: 3/3
   778 | D:2      | Reached skill level 4 in Axes
  1222 | D:2      | Reached XP level 4. HP: 7/40 MP: 4/4
  1441 | D:3      | Reached skill level 1 in Evocations
  1602 | D:3      | Found an opulent altar of Gozag.
  1653 | D:3      | Reached skill level 5 in Axes
  1764 | D:3      | Reached XP level 5. HP: 20/46 MP: 5/5
  1816 | D:3      | Found a deep blue altar of Sif Muna.
  1955 | D:3      | Found a blossoming altar of Fedhas.
  2024 | D:3      | Noticed an orc warrior
  2033 | D:3      | HP: 1/46 [orc warrior/trident (3)]
  2043 | D:3      | Killed an orc warrior
  2043 | D:3      | Reached skill level 6 in Axes
  2043 | D:3      | HP: 2/46 [orc priest/flail (4)]
  2050 | D:3      | Reached XP level 6. HP: 20/55 MP: 6/6
  2085 | D:4      | Found an ancient bone altar of Kikubaaqudgha.
  2126 | D:4      | Reached skill level 7 in Axes
  2293 | D:4      | Reached skill level 8 in Axes
  2339 | D:4      | Reached XP level 7. HP: 28/61 MP: 8/8
  2349 | D:4      | Noticed Pikel
  2355 | D:4      | Splashed by Pikel's acid

Vault maps used:
D:1:      wheals_arrival_shading, serial_park_tiny_2
D:2:      serial_glass, glass_columns_b, glass_columns_a
D:3:      lemuel_blue_sif_altar, nicolae_gozag_cash_rules_everything_around_me,
          marbit_many_paths
D:4:      kiku_gazebo_pond_becter, uniq_pikel

Skill      XL: |  1  2  3  4  5  6 |
---------------+-------------------+-----
Axes           | 3 4 5 6 8 |  8.2
Evocations     | 1 |  1.5
Fighting       | |  2.7
Armour         | |  3.4
Shields        | |  3.3

Action                   |  1- 3 |  4- 6 |  7- 9 || total
-------------------------+-------+-------+-------++-------
Melee: War axe           |   127 |   154 |     7 ||   288
Evoke: Wand              |       |     6 |     1 ||     7
  Use: Potion            |       |     1 |       ||     1
       Scroll            |       |     8 |       ||     8
  Eat: Chunk             |     1 |     4 |       ||     5
Armor: Scale mail        |    53 |    50 |     1 ||   104
Dodge: Dodged            |    60 |    61 |     1 ||   122
Block: Shield            |    43 |       |       ||    43
       Buckler           |    25 |    46 |     2 ||    73
